[Event "Titled Tuesday Blitz August 22 Early 2023"]
[White "Timofeev, Artyom"]
[Black "Donchenko, Alexander"]
[WhiteFideId "4140419"]
[BlackFideId "24603295"]
[WhiteElo "2853"]
[BlackElo "2939"]
[Result "1/2-1/2"]
[Round "8"]
[TimeControl "180+1"]
[Date "2023.08.22"]
[WhiteClock "0:00:04"]
[BlackClock "0:00:05"]
[Board "17"]

1. c4 Nf6 2. Nc3 e5 3. e3 Bb4 4. Nge2 O-O 5. a3 Bxc3 6. Nxc3 d5 7. cxd5 Nxd5 8. Be2 Nc6 9. Qc2 Be6 10. O-O Qe7 11. d3 Rad8 12. b4 a6 13. Bb2 f5 14. Rfe1 f4 15. Bf3 fxe3 16. fxe3 Kh8 17. Qe2 Qg5 18. Ne4 Qh6 19. Rac1 Bc8 20. Ng3 Qg5 21. Ne4 Qh6 22. Rc5 Rfe8 23. Qf2 Nb6 24. Qg3 Na4 25. Ng5 Rf8 26. Rxc6 bxc6 27. Bxe5 Rxd3 28. Bf4 Qg6 29. Be4 Bf5 30. Bxd3 Bxd3 31. e4 h6 32. Qxd3 hxg5 33. Bxc7 Qf7 34. Bg3 Nb2 35. Qe2 Nc4 36. h3 Kg8 37. a4 Qe6 38. Kh2 Rd8 39. Rc1 Rd4 40. Re1 Rd2 41. Qh5 Qe7 42. Qg4 Nb6 43. e5 Nd5 44. e6 Kh7 45. Qf5+ Kg8 46. Qe5 Nf4 47. Bxf4 gxf4 48. Qb8+ Kh7 49. Qxf4 Rd6 50. Qf5+ Kg8 51. a5 Rd5 52. Qf4 Rd6 53. h4 Rxe6 54. Rxe6 Qxe6 55. Qd4 Qf5 56. Qd8+ Kh7 57. Qg5 Qe4 58. Qh5+ Kg8 59. g3 Qxb4 60. Qe8+ Kh7 61. Qh5+ Kg8 62. Qe8+ Kh7 63. Qh5+ Kg8 1/2-1/2


[Site "https://www.chess.com"]

[Event "Titled Tuesday Blitz August 22 Early 2023"]
[White "Zhigalko, Sergei"]
[Black "Orozbaev, Eldiar"]
[WhiteFideId "13502956"]
[BlackFideId "13802240"]
[WhiteElo "2935"]
[BlackElo "2801"]
[Result "1-0"]
[Round "8"]
[TimeControl "180+1"]
[Date "2023.08.22"]
[WhiteClock "0:00:04"]
[BlackClock "0:00:00"]
[Board "18"]

1. e4 c5 2. Nf3 d6 3. d4 cxd4 4. Qxd4 Nc6 5. Bb5 Bd7 6. Bxc6 bxc6 7. c4 c5 8. Qd3 g6 9. Nc3 Bg7 10. O-O Nf6 11. h3 O-O 12. Bg5 Bc6 13. Rad1 Nd7 14. Qe3 Re8 15. Rxd6 exd6 16. Bxd8 Raxd8 17. Rd1 Ne5 18. Nxe5 Bxe5 19. f3 f5 20. b3 fxe4 21. Nxe4 Bxe4 22. fxe4 Bd4 23. Rxd4 cxd4 24. Qxd4 Re5 25. Qxa7 Rxe4 26. Qc7 Re1+ 27. Kh2 Rf8 28. Qxd6 Rff1 29. c5 Rc1 30. c6 Rh1+ 31. Kg3 Rc3+ 32. Kh4 Rhc1 33. Qd8+ Kg7 34. Qe7+ Kg8 35. Kg5 Rc5+ 36. Kg4 Rxc6 37. Qe8+ Kg7 38. Qe7+ Kg8 39. a4 R1c3 40. Qe8+ Kg7 41. Qe7+ Kg8 42. a5 Rc2 43. Qe8+ Kg7 44. Qe7+ Kh6 45. Kg3 R6c3+ 46. Kh2 Ra2 47. Qf8+ Kh5 48. Qg7 Rcc2 49. Qxh7+ Kg5 50. Qe7+ Kf5 51. Qd7+ Kg5 52. Qg4+ Kh6 53. b4 Rcb2 54. Qh4+ Kg7 55. Qd4+ Kh6 56. Qh4+ Kg7 57. Qe4 Kh6 58. h4 Kg7 59. Kh3 Ra3+ 60. g3 Rbb3 61. Qe5+ Kh6 62. Qg5+ Kg7 63. h5 Kf8 64. Qf6+ Ke8 65. Qxg6+ Ke7 66. h6 Ra2 67. Qg7+ Kd6 68. Qf8+ Ke5 69. Qg7+ Ke4 70. h7 Rbb2 71. h8=Q Kf3 72. Qf6+ Ke2 73. Qe5+ 1-0


[Site "https://www.chess.com"]

[Event "Titled Tuesday Blitz August 22 Early 2023"]
[White "CrazyAdvenTures"]
[Black "Zakhartsov, Vladimir"]
[BlackFideId "4145097"]
[WhiteElo "2676"]
[BlackElo "2914"]
[Result "1-0"]
[Round "8"]
[TimeControl "180+1"]
[Date "2023.08.22"]
[WhiteClock "0:00:06"]
[BlackClock "0:00:00"]
[Board "19"]

1. e4 c5 2. Nf3 Nc6 3. c3 Nf6 4. e5 Nd5 5. d4 cxd4 6. Bc4 Nb6 7. Bb3 dxc3 8. Nxc3 e6 9. O-O d5 10. exd6 Bxd6 11. Qe2 a6 12. Rd1 Qc7 13. Ne4 Be7 14. Bg5 O-O 15. Rac1 Nd5 16. h4 h6 17. Bxe7 Qxe7 18. Bxd5 exd5 19. Rxd5 Bg4 20. Qe3 Rfe8 21. Re1 Qb4 22. Re2 f5 23. Nf6+ gxf6 24. Qxh6 Re7 25. Qxf6 Rf7 26. Qg6+ Rg7 27. Qe6+ Kh7 28. Ng5+ Rxg5 29. hxg5 Qf8 30. Rd7+ Kh8 31. Re3 Rd8 32. Red3 Re8 33. Qg6 Re7 34. R7d6 f4 35. f3 Bf5 36. Qf6+ Qxf6 37. gxf6 Rf7 38. R3d5 Bg6 39. Rg5 Kh7 40. Rg4 Nb4 41. Rh4+ Kg8 42. Rg4 Kh7 43. Rh4+ Kg8 44. Rxf4 Nc6 45. Rg4 Kh7 46. Kf2 Bf5 47. Rg5 Bb1 48. f4 Kh6 49. g4 Bxa2 50. Rd1 Bd5 51. Rdxd5 Rxf6 52. Kg3 Ne7 53. Rd1 Ng6 54. Rh1+ Kg7 55. f5 1-0


[Site "https://www.chess.com"]

[Event "Titled Tuesday Blitz August 22 Early 2023"]
[White "Grischuk, Alexander"]
[Black "Plazuelo Pascual, Juan"]
[WhiteFideId "4126025"]
[BlackFideId "32059566"]
[WhiteElo "3026"]
[BlackElo "2697"]
[Result "1-0"]
[Round "8"]
[TimeControl "180+1"]
[Date "2023.08.22"]
[WhiteClock "0:00:15"]
[BlackClock "0:00:00"]
[Board "20"]

1. d4 d5 2. Nf3 e6 3. c4 a6 4. Bg5 Be7 5. Bxe7 Qxe7 6. Nbd2 Nf6 7. Rc1 O-O 8. g3 b6 9. cxd5 exd5 10. Bg2 Bb7 11. O-O a5 12. Ne5 Na6 13. e3 c5 14. Qb3 Nb4 15. a3 a4 16. Qd1 Nc6 17. Nxc6 Bxc6 18. dxc5 bxc5 19. Qc2 Bb5 20. Rfd1 Rac8 21. Nb1 d4 22. exd4 cxd4 23. Qxc8 Rxc8 24. Rxc8+ Ne8 25. Nd2 g6 26. Nf3 d3 27. Bf1 Qd7 28. Rc3 Kg7 29. Bxd3 Nf6 30. Be2 Qf5 31. Nd4 Qe4 32. Bxb5 h5 33. Bf1 h4 34. Bg2 Qe5 35. Rcd3 hxg3 36. hxg3 Ng4 37. Bf3 Nf6 38. Kg2 Qb8 39. R1d2 Qb6 40. Ne2 g5 41. Rd4 Qb8 42. Nc3 Qc8 43. Nd5 g4 44. Be4 Nd7 45. Bf5 1-0


[Site "https://www.chess.com"]

[Event "Titled Tuesday Blitz August 22 Early 2023"]
[White "Xiong, Jeffery"]
[Black "Weetik, Vjacheslav"]
[WhiteFideId "2047640"]
[BlackFideId "4153472"]
[WhiteElo "2992"]
[BlackElo "2746"]
[Result "1-0"]
[Round "8"]
[TimeControl "180+1"]
[Date "2023.08.22"]
[WhiteClock "0:00:05"]
[BlackClock "0:00:00"]
[Board "21"]

1. e4 c6 2. c4 e5 3. Nf3 d6 4. d4 Nd7 5. Nc3 Ngf6 6. Be2 g6 7. O-O Bg7 8. Be3 Ng4 9. Bg5 Bf6 10. Bxf6 Ngxf6 11. d5 Nc5 12. Nd2 a5 13. b3 O-O 14. a3 Bd7 15. b4 axb4 16. axb4 Na6 17. dxc6 bxc6 18. Rb1 c5 19. b5 Nb4 20. Re1 Be6 21. Nf1 Ra3 22. Qd2 Qa8 23. f3 Qa5 24. Rec1 Rd8 25. Qe1 Nd7 26. Ne3 Nb6 27. h4 Kg7 28. h5 g5 29. Ncd1 h6 30. Bf1 Nd7 31. Nf2 Nf6 32. g4 Ra2 33. Nh1 Qa3 34. Ng3 Ra8 35. Qc3 Qxc3 36. Rxc3 Rd2 37. Rd1 Rd4 38. Ngf5+ Kh7 39. Ng3 Nd7 40. Rcc1 Nb6 41. Ngf5 Ra3 42. Nxd4 exd4 43. Nd5 Bxd5 44. cxd5 Na4 45. e5 Nxd5 46. exd6 Nac3 47. d7 Ra8 48. Re1 Rd8 49. Bd3+ Kg7 50. Bf5 Ne3 51. Rxe3 Nxb5 52. Re8 1-0


[Site "https://www.chess.com"]

[Event "Titled Tuesday Blitz August 22 Early 2023"]
[White "Hulka, Valentyn"]
[Black "Tabatabaei, M. Amin"]
[WhiteFideId "34107061"]
[BlackFideId "12521213"]
[WhiteElo "2734"]
[BlackElo "2985"]
[Result "1-0"]
[Round "8"]
[TimeControl "180+1"]
[Date "2023.08.22"]
[WhiteClock "0:01:31"]
[BlackClock "0:02:32"]
[Board "22"]

1. e4 c6 2. d4 d5 3. e5 Bf5 4. Nf3 e6 5. Be2 h5 6. O-O Nd7 7. c3 Be7 8. Na3 g5 9. Nc2 g4 10. Nfe1 Nh6 11. Ne3 Bg6 12. Bd3 Bg5 13. f4 gxf3 14. Nxf3 Bxe3+ 15. Bxe3 Bxd3 16. Qxd3 Nf5 17. Bg5 Qb6 18. Rf2 Rg8 19. Raf1 Nf8 20. Bf6 Nh7 21. Nh4 Nxf6 22. Nxf5 Ne4 23. Nd6+ Nxd6 24. exd6 O-O-O 25. Rxf7 Qxb2 26. g3 Rxd6 27. Rb1 Qxa2 28. Rfxb7 Rdd8 29. Qh7 1-0


[Site "https://www.chess.com"]

[Event "Titled Tuesday Blitz August 22 Early 2023"]
[White "Tari, Aryan"]
[Black "Preotu, Razvan"]
[WhiteFideId "1510045"]
[BlackFideId "2613280"]
[WhiteElo "2941"]
[BlackElo "2715"]
[Result "1-0"]
[Round "8"]
[TimeControl "180+1"]
[Date "2023.08.22"]
[WhiteClock "0:00:05"]
[BlackClock "0:00:00"]
[Board "23"]

1. c4 c5 2. g3 Nf6 3. Bg2 d5 4. cxd5 Nxd5 5. Nc3 Nc7 6. d3 e5 7. Be3 Be7 8. Rc1 Nd7 9. Nf3 O-O 10. O-O b6 11. a3 Bb7 12. Qa4 Ne6 13. Nxe5 Bxg2 14. Nxd7 Bxf1 15. Nxf8 Bh3 16. Nxe6 Bxe6 17. b4 cxb4 18. axb4 h5 19. b5 h4 20. Ne4 h3 21. f3 Rc8 22. Rxc8 Qxc8 23. Qxa7 Bf8 24. Qxb6 Qc2 25. Kf2 Qd1 26. g4 Qh1 27. Qb8 Qg2+ 28. Ke1 Kh7 29. Ng5+ Kg6 30. Nxe6 fxe6 31. Qxf8 Qxh2 32. Qe8+ Kh7 33. Qh5+ Kg8 34. b6 Qd6 35. Qxh3 1-0


[Site "https://www.chess.com"]

[Event "Titled Tuesday Blitz August 22 Early 2023"]
[White "Dardha, Daniel"]
[Black "Petrosian, Karlen"]
[WhiteFideId "240990"]
[BlackFideId "4176146"]
[WhiteElo "2941"]
[BlackElo "2708"]
[Result "1-0"]
[Round "8"]
[TimeControl "180+1"]
[Date "2023.08.22"]
[WhiteClock "0:01:01"]
[BlackClock "0:00:04"]
[Board "24"]

1. d4 Nf6 2. Bg5 Ne4 3. h4 d5 4. Nd2 Nxd2 5. Qxd2 h6 6. Bf4 Nd7 7. O-O-O e6 8. e4 c6 9. Bd3 a5 10. Nf3 a4 11. a3 Qa5 12. Qe2 Nf6 13. exd5 Nxd5 14. Be5 b5 15. c3 Bxa3 16. bxa3 Qxc3+ 17. Qc2 Qxa3+ 18. Kd2 Qb4+ 19. Ke2 Bd7 20. Rc1 f6 21. Bg3 a3 22. Rhe1 O-O 23. Kf1 Rfc8 24. Bh7+ Kh8 25. Be4 a2 26. h5 Ra6 27. Nh4 Qxd4 28. Ng6+ Kg8 29. Bxd5 cxd5 30. Qxc8+ 1-0


[Site "https://www.chess.com"]

[Event "Titled Tuesday Blitz August 22 Early 2023"]
[White "Sjugirov, Sanan"]
[Black "Javakhadze, Zurab"]
[WhiteFideId "4189302"]
[BlackFideId "13603647"]
[WhiteElo "2910"]
[BlackElo "2705"]
[Result "0-1"]
[Round "8"]
[TimeControl "180+1"]
[Date "2023.08.22"]
[WhiteClock "0:00:00"]
[BlackClock "0:00:02"]
[Board "25"]

1. c4 e6 2. Nc3 d5 3. d4 Nf6 4. cxd5 exd5 5. Bg5 c6 6. e3 Be7 7. Bd3 O-O 8. Qc2 h6 9. Bh4 Re8 10. Nge2 Nbd7 11. O-O Nf8 12. Rad1 Ne6 13. Bg3 Ng5 14. Be5 Bd6 15. f4 Ne6 16. h3 c5 17. Bxf6 Qxf6 18. Nxd5 Qd8 19. Bb5 Rf8 20. f5 Nc7 21. Nxc7 Qxc7 22. f6 cxd4 23. Qe4 dxe3 24. fxg7 Kxg7 25. Rd5 Bh2+ 26. Kh1 Be6 27. Bd3 Rh8 28. Rh5 Rad8 29. Nd4 Rde8 30. Qxe3 Bg4 31. Rg5+ hxg5 32. Qxg5+ Kf8 33. Qxg4 Rh6 34. Nf5 Rg6 35. Qh4 Be5 36. Bc4 Bf6 37. Qf2 Qxc4 38. Nd6 Qe6 39. Nxe8 Kxe8 40. Re1 Be5 41. Qc5 f6 42. Qxa7 Rg3 43. Qa8+ Kf7 44. Qxb7+ Kg6 45. Qe4+ Kg7 46. Qe2 Qxa2 47. Rd1 Qa7 48. Qe4 Qf7 49. Qf5 Qg6 50. Qd7+ Kh6 51. Qd2+ Kh7 52. Qe2 Rg5 53. Qf2 Qf5 54. Qh4+ Kg7 55. Qe1 Qf4 0-1


[Site "https://www.chess.com"]

[Event "Titled Tuesday Blitz August 22 Early 2023"]
[White "Papasimakopoulos, Alexandros"]
[Black "Rasulov, Vugar"]
[WhiteFideId "4244125"]
[BlackFideId "13402390"]
[WhiteElo "2704"]
[BlackElo "2890"]
[Result "0-1"]
[Round "8"]
[TimeControl "180+1"]
[Date "2023.08.22"]
[WhiteClock "0:00:15"]
[BlackClock "0:00:22"]
[Board "26"]

1. d4 Nf6 2. c4 e6 3. Nc3 Bb4 4. Qc2 O-O 5. a3 Bxc3+ 6. Qxc3 b5 7. cxb5 c6 8. Bg5 cxb5 9. e3 Bb7 10. Nf3 a6 11. Be2 Ne4 12. Bxd8 Nxc3 13. Be7 Re8 14. bxc3 Rxe7 15. a4 bxa4 16. Kd2 d6 17. Rxa4 Rc7 18. Rb1 Nd7 19. Ne1 Kf8 20. Ra5 Ke7 21. f3 Rb8 22. Rba1 Nb6 23. Nc2 Bc8 24. Nb4 Nc4+ 25. Bxc4 Rxc4 26. Kd3 Rc7 27. R1a3 d5 28. e4 dxe4+ 29. fxe4 Kf6 30. e5+ Kf5 31. Ra1 Bb7 32. Rf1+ Kg6 33. Rf4 Rbc8 34. Ra3 a5 35. Nc2 h5 36. g3 Bh1 37. Rf1 Bg2 38. Rb1 Bh3 39. Kd2 Bf5 40. Rbb3 h4 41. Rxa5 hxg3 42. hxg3 Rh8 43. Ne3 Rh2+ 44. Ke1 Bd3 45. Kd1 Rc8 46. c4 Bxc4 47. Nxc4 Rxc4 48. Rd3 Rb4 49. Kc1 Rbb2 50. Rc5 Ra2 51. Kb1 Rhb2+ 52. Kc1 Rg2 53. Kb1 Rab2+ 54. Kc1 Rbf2 55. Rcc3 Kg5 56. Rc7 Kg4 57. Rb7 Rxg3 58. Rxg3+ Kxg3 59. Rd7 g5 60. d5 exd5 61. Rxd5 g4 62. Kd1 Kg2 63. Ke1 g3 64. Rd3 Rf5 65. Re3 Kh2 66. e6 g2 67. Re2 fxe6 0-1


[Site "https://www.chess.com"]

[Event "Titled Tuesday Blitz August 22 Early 2023"]
[White "Volovich, Vasily"]
[Black "Harsh Suresh"]
[WhiteFideId "34169676"]
[BlackFideId "45018464"]
[WhiteElo "2704"]
[BlackElo "2881"]
[Result "1-0"]
[Round "8"]
[TimeControl "180+1"]
[Date "2023.08.22"]
[WhiteClock "0:00:04"]
[BlackClock "0:00:00"]
[Board "27"]

1. e4 e5 2. Nf3 Nc6 3. d4 exd4 4. Bc4 d6 5. Nxd4 Nf6 6. Nc3 Be7 7. O-O O-O 8. Re1 Nxd4 9. Qxd4 Be6 10. Bf4 Nd7 11. Nd5 Bf6 12. Nxf6+ Qxf6 13. Qxf6 Nxf6 14. Bd3 Nd7 15. Rad1 Nc5 16. Bf1 a5 17. b3 f6 18. f3 Rfe8 19. Be3 b6 20. a3 Kf7 21. Bb5 Red8 22. Bc6 Ra7 23. b4 axb4 24. axb4 Nd7 25. Ra1 Rxa1 26. Rxa1 Nb8 27. Bb5 Bd7 28. Bd3 Nc6 29. b5 Na5 30. Bd2 Ra8 31. Kf2 Ke7 32. g4 Be6 33. h4 Ra7 34. Bc3 h6 35. g5 Ra8 36. Rg1 hxg5 37. hxg5 Kf7 38. gxf6 gxf6 39. Ra1 Ke7 40. Ke3 Kf7 41. Kf4 Ra7 42. Rh1 Kg7 43. Rg1+ Kf7 44. Rh1 Kg7 45. Ra1 Ra8 46. Kg3 Kf7 47. Kf2 Kg7 48. Bf1 Kf7 49. f4 Bd7 50. Bd3 Be6 51. Rh1 Kg7 52. f5 Bd7 53. Rg1+ Kf7 54. Rg6 Nb7 55. Rxf6+ Ke7 56. Rh6 Be8 57. Rh7+ Bf7 58. Bc4 Rf8 59. Bd5 Nc5 60. Bg7 Rg8 61. Bh6 Kd8 62. Rxf7 1-0


[Site "https://www.chess.com"]

[Event "Titled Tuesday Blitz August 22 Early 2023"]
[White "Dehtiarov, Roman"]
[Black "Ilamparthi A R"]
[WhiteFideId "14186640"]
[BlackFideId "45015775"]
[WhiteElo "2699"]
[BlackElo "2879"]
[Result "1-0"]
[Round "8"]
[TimeControl "180+1"]
[Date "2023.08.22"]
[WhiteClock "0:00:05"]
[BlackClock "0:00:09"]
[Board "28"]

1. e4 c5 2. Nc3 Nc6 3. f4 g6 4. Nf3 Bg7 5. Bb5 d6 6. Bxc6+ bxc6 7. O-O Nf6 8. d3 O-O 9. Qe1 e6 10. b3 Rb8 11. Bd2 d5 12. Rd1 Ba6 13. Na4 dxe4 14. Ne5 exd3 15. c4 Qe7 16. Be3 Ne4 17. Nxc6 Qc7 18. Nxb8 Rxb8 19. Rxd3 Bb7 20. Qe2 h5 21. Rfd1 Qc6 22. Bc1 Bd4+ 23. Be3 Bf6 24. Bc1 Bd4+ 25. Rxd4 cxd4 26. Rxd4 h4 27. Be3 h3 28. Qf3 hxg2 29. Qxg2 Kg7 30. Rxe4 Qxe4 31. Qxe4 Bxe4 32. Bxa7 Rd8 33. Kf2 Bc6 34. Nc3 Rd2+ 35. Ke3 Rxh2 36. Bd4+ f6 37. b4 Rh3+ 38. Kd2 Rf3 39. b5 Ba8 40. Be3 e5 41. fxe5 f5 42. c5 f4 43. Bd4 Kf7 44. c6 Ke6 45. a4 g5 46. Ne4 Kd5 47. c7 Bb7 48. Nd6 Kxd4 49. Nxb7 Rd3+ 50. Ke2 Rc3 51. b6 g4 52. Nd6 f3+ 53. Kf2 Rc2+ 54. Kg3 Rg2+ 55. Kh4 f2 56. c8=Q f1=Q 57. Nb5+ Kd3 58. Qc3+ Ke4 59. Qd4+ Kf3 60. Qc3+ Kf4 61. Qd4+ Kf5 62. Qd7+ Kxe5 63. Qe7+ Kd5 64. Qd7+ Kc5 65. Qd4+ Kc6 66. Qd6+ Kb7 67. Qc7+ Ka6 68. Qa7# 1-0


[Site "https://www.chess.com"]

[Event "Titled Tuesday Blitz August 22 Early 2023"]
[White "Jones, Gawain C B"]
[Black "Palchuk, Andrii"]
[WhiteFideId "409561"]
[BlackFideId "14176688"]
[WhiteElo "2872"]
[BlackElo "2688"]
[Result "1-0"]
[Round "8"]
[TimeControl "180+1"]
[Date "2023.08.22"]
[WhiteClock "0:00:20"]
[BlackClock "0:00:02"]
[Board "29"]

1. e4 c5 2. d3 Nc6 3. f4 d6 4. Nf3 g6 5. Be2 Bg7 6. O-O Rb8 7. a4 a6 8. c3 b5 9. axb5 axb5 10. d4 cxd4 11. cxd4 Nf6 12. d5 Na5 13. e5 dxe5 14. fxe5 Nxd5 15. Rxa5 Qxa5 16. Qxd5 O-O 17. Ng5 Bf5 18. Nc3 Qb6+ 19. Kh1 b4 20. Na4 Qa7 21. b3 h6 22. Nf3 Be6 23. Qc5 Qb7 24. Qe3 Bd5 25. Bb2 Qc6 26. Rc1 Qe6 27. Nc5 Qf5 28. Nd4 Qxe5 29. Qxe5 Bxe5 30. Nd7 Bxd4 31. Bxd4 Rbc8 32. Nc5 Rfd8 33. Be3 g5 34. Kg1 f6 35. Bg4 Rc6 36. Rd1 Rcd6 37. Rd4 Bf7 38. Rxb4 h5 39. Be2 Rc6 40. h4 Rd5 41. Ne4 Re5 42. hxg5 f5 43. g6 Bxg6 44. Rb8+ Kh7 45. Bd4 Rc1+ 46. Kh2 Rxe4 47. Rh8# 1-0


[Site "https://www.chess.com"]

[Event "Titled Tuesday Blitz August 22 Early 2023"]
[White "Yeletsky, Ivan"]
[Black "Egor_Koshulyan"]
[WhiteFideId "24180327"]
[WhiteElo "2867"]
[BlackElo "2687"]
[Result "1-0"]
[Round "8"]
[TimeControl "180+1"]
[Date "2023.08.22"]
[WhiteClock "0:00:45"]
[BlackClock "0:00:41"]
[Board "30"]

1. e4 c5 2. a4 Nc6 3. Bb5 Nd4 4. c3 Nxb5 5. axb5 d5 6. d3 dxe4 7. dxe4 Qxd1+ 8. Kxd1 a6 9. Nd2 Rb8 10. Nb3 e5 11. bxa6 bxa6 12. Na5 Nf6 13. f3 Bd6 14. Ne2 O-O 15. Kc2 Be6 16. Be3 Rb6 17. Rhd1 Be7 18. b4 Rc8 19. Bxc5 Bxc5 20. bxc5 Rb5 21. c6 h6 22. Rdb1 Rc5 23. Rb6 Ne8 24. Nc1 Bc4 25. Ncb3 Bxb3+ 26. Kxb3 Nc7 27. Nb7 Rb5+ 28. Rxb5 axb5 29. Kb4 Kf8 30. Kc5 Ke7 31. Rd1 Ne6+ 32. Kb6 Nf4 33. Rd7+ Ke6 34. g3 Ne2 35. Nd8+ Kf6 36. Kb7 Rxc6 37. Nxc6 Nxc3 38. Rd6+ Kg5 1-0


[Site "https://www.chess.com"]

[Event "Titled Tuesday Blitz August 22 Early 2023"]
[White "Skvortsov, Andrei"]
[Black "Ibrahimli, Murad"]
[WhiteFideId "24108600"]
[BlackFideId "13410229"]
[WhiteElo "2664"]
[BlackElo "2862"]
[Result "0-1"]
[Round "8"]
[TimeControl "180+1"]
[Date "2023.08.22"]
[WhiteClock "0:00:19"]
[BlackClock "0:00:39"]
[Board "31"]

1. e4 c5 2. d4 d6 3. Nc3 cxd4 4. Qxd4 Nc6 5. Qd3 g6 6. Nf3 Bg7 7. Be2 Nf6 8. O-O Bg4 9. Nd5 O-O 10. c3 Rc8 11. Bg5 Nd7 12. h3 Bxf3 13. Qxf3 h6 14. Bh4 g5 15. Bg3 Nce5 16. Qe3 e6 17. Nb4 Qb6 18. Rad1 Qxe3 19. fxe3 Nc5 20. Rxd6 Nxe4 21. Bxe5 Bxe5 22. Rd7 Nc5 23. Rdd1 Bc7 24. Bf3 Bb6 25. b3 Rc7 26. Kf2 a5 27. Nc2 Nd7 28. c4 Ne5 29. Bh5 a4 30. Ke2 axb3 31. axb3 Bc5 32. Nd4 Be7 33. Nb5 Rcc8 34. Bf3 b6 35. Bb7 Rb8 36. Be4 Bb4 37. g4 Kg7 38. Ra1 Rbd8 39. Rfd1 Rxd1 40. Rxd1 h5 41. gxh5 Rh8 42. Bf3 Nxf3 43. Kxf3 Rxh5 44. Kg2 Bc5 45. Nd4 Rh8 46. Rd3 Ra8 47. Nf3 Kf6 48. e4 Ra2+ 49. Kg3 Re2 50. e5+ Kg6 51. h4 Bf2+ 52. Kg4 Re4+ 53. Kh3 Bxh4 54. Nxh4+ Rxh4+ 55. Kg3 Re4 56. Kf3 Rxe5 57. Rd6 b5 58. Rc6 bxc4 59. bxc4 Kf5 60. Rc7 g4+ 61. Kg3 Re3+ 62. Kf2 Rf3+ 63. Ke2 Ke5 64. c5 f5 65. c6 Rc3 66. Rc8 g3 67. c7 f4 68. Kd2 Rc6 69. Ke2 Ke4 70. Kf1 f3 71. Ke1 f2+ 0-1


[Site "https://www.chess.com"]

[Event "Titled Tuesday Blitz August 22 Early 2023"]
[White "Piorun, Kacper"]
[Black "Djordjevic, Vuk"]
[WhiteFideId "1130420"]
[BlackFideId "902098"]
[WhiteElo "2844"]
[BlackElo "2687"]
[Result "1/2-1/2"]
[Round "8"]
[TimeControl "180+1"]
[Date "2023.08.22"]
[WhiteClock "0:00:10"]
[BlackClock "0:00:04"]
[Board "32"]

1. Nf3 Nf6 2. g3 e6 3. Bg2 d5 4. O-O Be7 5. d3 O-O 6. Nbd2 c5 7. e4 b5 8. Re1 Nc6 9. e5 Nd7 10. Nf1 b4 11. h4 a5 12. Bf4 a4 13. a3 bxa3 14. bxa3 Ba6 15. h5 h6 16. Ne3 Nd4 17. Nxd4 cxd4 18. Ng4 Bg5 19. Qd2 Rc8 20. Ra2 Rb8 21. Nh2 Be7 22. Nf3 Bc5 23. g4 Rb6 24. g5 hxg5 25. Bxg5 f6 26. Bh4 Qe8 27. h6 fxe5 28. hxg7 Rf7 29. Raa1 Rxg7 30. Nxe5 Nxe5 31. Rxe5 Bd6 32. Rg5 Rb7 33. Bg3 Rxg5 34. Qxg5+ Rg7 35. Qh4 Bxg3 36. fxg3 Bb7 37. Rb1 Bc6 38. Qxd4 e5 39. Qf2 d4 40. Bxc6 Qxc6 41. Rb8+ Kh7 42. Qh2+ Kg6 43. Rh8 Qf3 44. Qg2 Qxg2+ 45. Kxg2 Rc7 46. Ra8 Rxc2+ 47. Kf3 Kf5 48. g4+ Ke6 49. Rxa4 Rd2 50. Ra6+ Kd5 51. Ra5+ Ke6 52. Ra6+ Kd5 53. Ra5+ Ke6 54. Ra6+ 1/2-1/2


[Site "https://www.chess.com"]

[Event "Titled Tuesday Blitz August 22 Early 2023"]
[White "Bacrot, Etienne"]
[Black "Zhu, Jiner"]
[WhiteFideId "605506"]
[BlackFideId "8608059"]
[WhiteElo "2842"]
[BlackElo "2664"]
[Result "1-0"]
[Round "8"]
[TimeControl "180+1"]
[Date "2023.08.22"]
[WhiteClock "0:00:07"]
[BlackClock "0:00:03"]
[Board "33"]

1. e4 c5 2. Nf3 Nc6 3. Bb5 g6 4. O-O Bg7 5. Re1 e5 6. b4 cxb4 7. a3 b3 8. cxb3 Nge7 9. Bb2 O-O 10. Nc3 d6 11. Rc1 Bg4 12. h3 Bxf3 13. Qxf3 Nd4 14. Qd3 Nxb3 15. Rb1 Nc5 16. Qe2 a6 17. Bc4 b5 18. Ba2 Nc6 19. Nd5 Rc8 20. Rbc1 Ne6 21. Qd3 h5 22. Rc2 Ne7 23. Rxc8 Nxc8 24. Rc1 Nc5 25. Qf3 Nb6 26. Ne3 a5 27. Bc3 Nba4 28. Ba1 b4 29. axb4 axb4 30. Rb1 b3 31. Bxb3 Nxb3 32. Rxb3 Nc5 33. Rb1 Qh4 34. Rb4 Ra8 35. Bc3 Qf6 36. Qe2 Qg5 37. Nd5 Ne6 38. Rb6 Bf8 39. Qf3 Nf4 40. Nxf4 Qxf4 41. Qxf4 exf4 42. Kf1 Rd8 43. Rb5 Bg7 44. Bxg7 Kxg7 45. Ke2 f6 46. h4 Rc8 47. Rd5 Rc6 48. Kf3 Kf7 49. Kxf4 Ke6 50. Ra5 Rc2 51. Ke3 Rc1 52. g3 Re1+ 53. Kf3 Rd1 54. Ke2 Rc1 55. Ra7 f5 56. exf5+ Kxf5 57. Re7 Kf6 58. Re3 Rc4 59. Kd3 Ra4 60. Re4 Ra1 61. Kd4 Rf1 62. Re2 Ra1 63. Kd5 Ra6 64. Re6+ Kf5 65. Rxd6 Ra2 66. Kc6 Rc2+ 67. Kd7 Ke4 68. Ke7 Kf5 69. Rd4 Rc7+ 70. Kd6 Rc2 71. Kd5 g5 72. hxg5 Kxg5 73. Ke4 h4 74. gxh4+ Kxh4 75. Ke5+ Kg5 76. f4+ Kg6 77. f5+ Kf7 78. Rd7+ Ke8 79. Rd5 Ke7 80. f6+ Ke8 81. Ke6 Rc6+ 82. Rd6 Rc7 83. d4 Re7+ 84. Kf5 Re1 85. Re6+ 1-0


[Site "https://www.chess.com"]

[Event "Titled Tuesday Blitz August 22 Early 2023"]
[White "Pakleza, Zbigniew"]
[Black "Ahmad, Khagan"]
[WhiteFideId "1119290"]
[BlackFideId "13431552"]
[WhiteElo "2839"]
[BlackElo "2612"]
[Result "1-0"]
[Round "8"]
[TimeControl "180+1"]
[Date "2023.08.22"]
[WhiteClock "0:02:49"]
[BlackClock "0:00:56"]
[Board "34"]

1. d4 Nf6 2. Nf3 d5 3. Bf4 c5 4. c3 Nc6 5. Nbd2 Qb6 6. Qb3 c4 7. Qc2 g6 8. e4 Nxe4 9. Nxe4 dxe4 10. Nd2 Bf5 11. Nxc4 Qd8 12. Qb3 Qd7 13. d5 Nd8 14. Ne5 1-0


[Site "https://www.chess.com"]

[Event "Titled Tuesday Blitz August 22 Early 2023"]
[White "Garakov, Mikhael"]
[Black "Putnam, Liam"]
[WhiteFideId "4169034"]
[BlackFideId "30938279"]
[WhiteElo "2602"]
[BlackElo "2826"]
[Result "1-0"]
[Round "8"]
[TimeControl "180+1"]
[Date "2023.08.22"]
[WhiteClock "0:00:21"]
[BlackClock "0:00:02"]
[Board "35"]

1. e4 Nf6 2. e5 Nd5 3. d4 d6 4. Nf3 Nc6 5. c4 Nb6 6. e6 fxe6 7. Bd3 e5 8. d5 Nb4 9. Be2 Bf5 10. O-O e6 11. a3 Nc2 12. Ra2 Nd4 13. Nxd4 exd4 14. Bd3 Bxd3 15. Qxd3 e5 16. f4 Be7 17. fxe5 dxe5 18. b4 Bf6 19. Raf2 O-O 20. Nd2 Qe7 21. Ne4 Bh4 22. g3 Rxf2 23. Rxf2 Bf6 24. Qb3 Rd8 25. a4 Kh8 26. a5 Nc8 27. c5 Qf7 28. Nxf6 gxf6 29. Bg5 Qxd5 30. Bxf6+ Kg8 31. Qd1 Rd7 32. Qg4+ Kf8 33. Bg7+ Ke8 34. Rf8+ Ke7 35. Qg5+ Ke6 36. Qf6# 1-0


[Site "https://www.chess.com"]

[Event "Titled Tuesday Blitz August 22 Early 2023"]
[White "Yelisieiev, Yevhenii"]
[Black "Bauman_Guy"]
[WhiteFideId "14139642"]
[WhiteElo "2570"]
[BlackElo "2815"]
[Result "0-1"]
[Round "8"]
[TimeControl "180+1"]
[Date "2023.08.22"]
[WhiteClock "0:00:00"]
[BlackClock "0:00:11"]
[Board "36"]

1. d4 Nf6 2. Nf3 b6 3. c4 Bb7 4. Nc3 e6 5. Qc2 Bb4 6. a3 Bxc3+ 7. Qxc3 O-O 8. e3 d6 9. b4 a5 10. b5 Ne4 11. Qc2 f5 12. Bb2 Nd7 13. d5 e5 14. Be2 Ndc5 15. O-O Bc8 16. Ne1 Qh4 17. f3 Nf6 18. Nd3 Nfd7 19. Nf2 Qh6 20. f4 exf4 21. exf4 Qxf4 22. Rae1 Qh6 23. Bd3 Nf6 24. Re7 Bd7 25. Bxf5 Bxf5 26. Qxf5 Qd2 27. Ba1 Nb3 28. Qe6+ Kh8 29. Bxf6 Rxf6 30. Re8+ Rf8 31. Rxa8 Rxa8 32. Ng4 h6 33. Kh1 Nc5 34. Qf7 Qd3 35. h3 Rg8 36. Rf4 Ne4 37. Rf3 Qxc4 38. Ne3 Qc1+ 39. Kh2 Ng5 40. Qf4 Nxf3+ 41. Qxf3 Qc3 42. Qe4 Rf8 43. Ng4 Qd2 44. Qe6 Qf4+ 45. Kh1 Qf5 46. Qe7 Qf7 47. Qe4 Re8 48. Qc2 Kg8 49. Qc1 Re7 50. Kh2 Qxd5 0-1


[Site "https://www.chess.com"]